 Dungeon Crawl Stone Soup version 0.29.1-12-g30fa7ad0bf (webtiles) character file.

Game seed: 8232674657595160509

233 growler the Magician (level 5, -7/41 HPs)
             Began as a Demonspawn Wanderer on Jan 18, 2023.
             Mangled by Duvessa
             ... wielding a +0 short sword of speed
              (15 damage)
             ... on level 4 of the Dungeon.
             The game lasted 00:09:06 (4959 turns).

growler the Magician (Demonspawn Wanderer)          Turns: 4959, Time: 00:09:07

Health: -7/41      AC:  5    Str: 10    XL:     5   Next: 74%
Magic:  0/19       EV: 10    Int: 15    God:
Gold:   166        SH:  4    Dex: 15    Spells: 6/10 levels left

rFire   . . .      SeeInvis .   h - +2 whip (vamp)
rCold   . . .      Faith    .   b - +0 buckler
rNeg    . . .      Spirit   +   d - +0 robe
rPois   .          Reflect  .   (helmet restricted)
rElec   .          Harm     .   (no cloak)
rCorr   .          Rampage  .   (no gloves)
Will    .....                   k - +2 pair of boots {Stlth+}
Stlth   ++........              u - amulet of guardian spirit
HPRegen 0.13/turn               q - ring of wizardry
MPRegen 0.16/turn               f - ring of magical power

@: no status effects
A: horns 2, demonic guardian 2
a: no special abilities


You were on level 4 of the Dungeon.
You visited 1 branch of the dungeon, and saw 4 of its levels.

You collected 166 gold pieces.

Inventory:

Hand Weapons
 a - a +2 mace
 h - a +2 vampiric whip (weapon)
Armour
 b - a +0 buckler (worn)
 d - a +0 robe (worn)
 k - a +2 pair of boots of stealth (worn)
Jewellery
 f - a ring of magical power (right hand)
 q - a ring of wizardry (left hand)
 u - an amulet of guardian spirit (around neck)
Wands
 y - a wand of mindburst (15)
 B - a wand of flame (11)
Scrolls
 c - a scroll of fog
 e - 7 scrolls of identify {unknown}
 g - a scroll of brand weapon {unknown}
 i - 3 scrolls of enchant armour {unknown}
 j - 3 scrolls of poison {unknown}
 l - a scroll of blinking {unknown}
 m - a scroll of amnesia {unknown}
 n - a scroll of magic mapping {unknown}
 o - a scroll of enchant weapon {unknown}
 v - a scroll of immolation {unknown}
 x - a scroll of noise {unknown}
 z - a scroll of fear {unknown}
 D - a scroll of silence {unknown}
 E - a scroll of teleportation {unknown}
Potions
 p - 3 potions of degeneration {unknown}
 r - 2 potions of brilliance {unknown}
 s - a potion of berserk rage {unknown}
 t - 3 potions of lignification {unknown}
 w - a potion of resistance {unknown}
 A - a potion of magic {unknown}
 C - a potion of curing {unknown}


   Skills:
 - Level 3.0 Fighting
 - Level 2.6 Maces & Flails
 - Level 1.7 Shields
 + Level 3.4 Spellcasting
 + Level 1.8 Conjurations
 + Level 3.3 Earth Magic


You had 6 spell levels left.
You knew the following spells:

 Your Spells              Type           Power      Damage    Failure   Level
a - Sandblast             Erth           24%        2d8       2%          1
b - Stone Arrow           Conj/Erth      20%        3d8       11%         3

Your spell library contained the following spells:

 Spells                   Type           Power      Damage    Failure   Level
 Ensorcelled Hibernation  Hex/Ice        4%         N/A       16%         2
 Scorch                   Fire           4%         2d5       16%         2
 Spider Form              Tmut/Pois      2%         N/A       28%         3
 Flame Wave               Conj/Fire      5%         2d5       52%         4
 Anguish                  Hex/Necr       1%         N/A       65%         4
 Passage of Golubria      Tloc           2%         N/A       65%         4
 Silence                  Hex/Air        1%         N/A       93%         5
 Summon Cactus Giant      Summ           1%         N/A       100%        6
 Lehudib's Crystal Spear  Conj/Erth      5%         10d3      100%        8


Dungeon Overview and Level Annotations

Branches:
Dungeon (4/15)
 Temple: D:4-7

Altars:

Annotations:
D:4 1 runed translucent door, Crazy Yiuf, Duvessa


Innate Abilities, Weirdness & Mutations

You have a pair of horns on your head.
A demonic guardian rushes to your aid.


Message History

Casting: Stone Arrow (dangerous; 11% risk of failure)
Confirm with . or Enter, or press ? or * to list all spells.
Aiming: Stone Arrow (dangerous; 11% risk of failure)
Press: ? - help, Shift-Dir - straight line, f/p - Duvessa
Aim: Duvessa, wielding a +0 short sword of speed and wearing a +0 ring mail (heavily wounded, berserk, 77% to hit)
The stone arrow hits Duvessa!
Duvessa is severely wounded.
Duvessa hits you with a +0 short sword of speed!
Duvessa hits you but does no damage.
Casting: Stone Arrow (dangerous; 11% risk of failure)
Confirm with . or Enter, or press ? or * to list all spells.
Aiming: Stone Arrow (dangerous; 11% risk of failure)
Press: ? - help, Shift-Dir - straight line, f/p - Duvessa
Aim: Duvessa, wielding a +0 short sword of speed and wearing a +0 ring mail (severely wounded, berserk, 77% to hit)
The stone arrow hits Duvessa.
Duvessa is severely wounded.
Duvessa closely misses you. Duvessa hits you but does no damage.
Duvessa misses you.
You hit Duvessa.
You feel better.
Duvessa is severely wounded.
Duvessa misses you. You block Duvessa's attack.
You hit Duvessa.
Duvessa is almost dead.
You block Duvessa's attack. Duvessa barely misses you.
You barely miss Duvessa.
Duvessa is almost dead.
Duvessa hits you with a +0 short sword of speed.
Duvessa hits you with a +0 short sword of speed!
Casting: Stone Arrow (dangerous; 11% risk of failure)
Confirm with . or Enter, or press ? or * to list all spells.
Aiming: Sandblast (safe; 2% risk of failure)
Press: ? - help, Shift-Dir - straight line, f/p - Duvessa
Aim: Duvessa, wielding a +0 short sword of speed and wearing a +0 ring mail (almost dead, berserk, 87% to hit)
The blast of sand hits Duvessa but does no damage.
Duvessa is almost dead.
Duvessa hits you with a +0 short sword of speed!
* * * LOW HITPOINT WARNING * * *
A demonic guardian appears!
Duvessa hits you with a +0 short sword of speed!
You die...

.# ..# #..#
#..........# #.#. .#
..# ##.# #..[.......#
#.#. .# ..# #.##
#.........[# #.#. .#
..# #..###..........#
#.#. .# ..#
##..##..........#
#.#. .# ..#
##..#.....)....# #.##
.###..#
##.#..........# #...
......#
###............# ####
...##.#
#...@..........# #
....# .e
#.##.e.........######
....# ##
#...4....#...........
....#######
#####.....###########
....#.....#
#..#..##..<...# #
....#.###.#
#..#........#.# #
......#####
##.#.##.##..#.# #
###....#
#..........#.#
###....# #####
###.####...#.#


You could see Duvessa (berserk, ally target) and a friendly rust devil
(summoned).

Vanquished Creatures
  Dowan (D:4)
  A jelly (D:4)
  An iguana (D:4)
  An orc wizard (D:4)
  3 adders
  An ufetubus (D:4)
  A worm (D:4)
  A dart slug (D:2)
  7 orcs
  7 endoplasms
  4 giant cockroaches
  8 goblins
  4 hobgoblins
  2 jackals (D:2)
  5 ball pythons (D:1)
  3 bats
  2 frilled lizards (D:1)
  6 kobolds
  6 rats
64 creatures vanquished.

Notes
Turn   | Place    | Note
-------+----------+-------------------------------------------
     0 | D:1      | growler the Demonspawn Wanderer began the quest for the
                  | Orb.
     0 | D:1      | growler set off with the following items: a +2 mace, a +0
                  | buckler, a scroll of fog, a +0 robe; and the following
                  | spell memorised: Sandblast; and the following spells
                  | available to memorise: Stone Arrow.
     0 | D:1      | Reached XP level 1. HP: 15/15 MP: 3/3
   279 | D:1      | Found a faded altar of an unknown god.
   813 | D:1      | Gained mutation: You have a pair of small horns on your
                  | head. [demonic ancestry]
   813 | D:1      | Reached XP level 2. HP: 22/22 MP: 0/5
  1389 | D:2      | Gained mutation: A weak demonic guardian rushes to your
                  | aid. [demonic ancestry]
  1389 | D:2      | Reached XP level 3. HP: 28/28 MP: 6/6
  2464 | D:3      | Learned a level 3 spell: Stone Arrow
  3181 | D:4      | Gained mutation: You have a pair of horns on your head.
                  | [demonic ancestry]
  3181 | D:4      | Reached XP level 4. HP: 34/34 MP: 7/7
  3358 | D:4      | Noticed Duvessa
  3359 | D:4      | Noticed Dowan
  4343 | D:4      | Reached skill level 1 in Conjurations
  4343 | D:4      | Gained mutation: A demonic guardian rushes to your aid.
                  | [demonic ancestry]
  4343 | D:4      | Reached XP level 5. HP: 21/41 MP: 5/9
  4619 | D:4      | Found a runed translucent door.
  4620 | D:4      | Noticed Crazy Yiuf
  4823 | D:4      | Killed Dowan
  4959 | D:4      | Mangled by Duvessa

Illustrated notes

Levels and vault maps discovered:
D:1:      ebering_hopf_link, layout_rooms, hellmonk_ecumenical_altar_crossroads,
          minmay_3d_cube
D:2:      layout_basic, hangedman_glass_teeth, chequers_mini_garden,
          minmay_misc_feat_five
D:3:      layout_basic, serial_forest, infiniplex_forest_end_2,
          infiniplex_forest_lined_3, infiniplex_forest_clump_medium,
          infiniplex_forest_straight_1, infiniplex_forest_clump_tiny,
          minmay_misc_feat_nine_boxes, small_statue_alley_b, dk_noncrumbling_2
D:4:      layout_basic, uniq_crazy_yiuf_cottage, uniq_duvessa

Skill      XL: |  1  2  3  4 |
---------------+-------------+-----
Fighting       | 2 3 |  3.0
Earth Magic    | 2 3 |  3.3
Spellcasting   | 3 |  3.4
Conjurations   | 1 |  1.8
Maces & Flails | |  2.6
Shields        | |  1.7

Action                   |  1- 3 |  4- 6 || total
-------------------------+-------+-------++-------
Melee: Mace              |    16 |       ||    16
       Whip              |    49 |    32 ||    81
       Headbutt          |     7 |     8 ||    15
 Cast: Sandblast         |    29 |    43 ||    72
       Stone Arrow       |       |     8 ||     8
 Stab: Sleeping          |     2 |     2 ||     4
Armor: Robe              |    16 |    16 ||    32
Dodge: Dodged            |    34 |    36 ||    70
Block: Buckler           |    13 |    11 ||    24
